Map: Emerald City LE

Players

qqq - Winner!

  • Race: Zerg Zerg
  • Spawn Location: 5:00

Massa - Winner!

  • Race: Terran Terran
  • League: Platinum
  • Spawn Location: 5:00

Inquisitor

  • Race: Zerg Zerg
  • League: Platinum
  • Spawn Location: 11:00

NickYU

  • Race: Zerg Zerg
  • League: Platinum
  • Spawn Location: 11:00

VOD

Have the link to the VOD?

Description

Time

  • Played on: Feb. 8, 2021, 12:55 p.m.
  • Length: 16:13
Show
View Real Time Build Order
Export as new Build Order

qqq Zerg - Winner!

Build Orders: Hatch First, Lurkers 

Get SALT Encoding   

  12  0:01  Drone  
  13  0:08  Drone  
  14  0:21  Overlord  
  14  0:46  Hatchery  
  13  0:50  Drone  
  13  0:52  Drone  
  13  0:56  Drone  
  16  1:03  Drone  
  17  1:13  Drone  
  18  1:25  Drone  
  19  1:33  Extractor, Spawning Pool  
  17  1:41  Drone  
  17  1:45  Drone  
  19  1:59  Drone  
  20  2:01  Drone  
  20  2:08  Overlord  
  21  2:11  Drone  
  22  2:17  Drone  
  22  2:20  Queen  
  22  2:21  Queen  
  27  2:36  Hatchery  
  26  2:43  Extractor  
  25  2:44  Metabolic Boost  
  25  2:46  Zergling x2  
  25  2:48  Zergling x2  
  27  2:51  Drone  
  27  2:54  Drone  
  27  2:57  Drone  
  30  3:03  Overlord  
  30  3:06  Zergling x2  
  31  3:15  Drone, Zergling x2  
  31  3:17  Zergling x2  
  34  3:21  Zergling x2  
  35  3:30  Zergling x2  
  35  3:34  Zergling x6  
  39  3:36  Drone  
  39  3:40  Zergling x2  
  41  3:49  Lair  
  41  3:50  Zergling x2  
  41  3:51  Zergling x4  
  41  4:10  Zergling x4  
  41  4:11  Zergling x6  
  41  4:12  Zergling x4  
  41  4:17  Queen  
  47  4:22  Overlord x3  
  49  4:31  Evolution Chamber  
  49  4:35  Zergling x4  
  49  4:37  Overlord  
  43  4:52  Zergling x6  
  43  4:55  Drone x3  
  43  4:57  Extractor  
  43  4:59  Zergling x2  
  46  5:02  Zergling x4  
  46  5:03  Zergling x4  
  50  5:10  Zergling x2  
  50  5:11  Zergling x6  
  50  5:21  Zergling x8  
  49  5:25  Zergling x4  
  42  5:37  Zergling x2  
  42  5:38  Queen, Zergling x4  
  42  5:41  Drone  
  48  5:45  Drone  
  48  5:46  Drone  
  50  5:51  Drone  
  50  5:52  Drone x2  
  50  5:56  Drone  
  54  5:59  Zerg Missile Weapons Level 1  
  54  6:01  Drone  
  55  6:10  Drone  
  55  6:11  Drone x2  
  58  6:29  Infestation Pit  
  58  6:31  Drone x6  
  58  6:32  Evolution Chamber  
  62  6:33  Drone x3, Extractor, Hydralisk Den  
  62  6:39  Drone x3  
  66  6:45  Drone, Extractor  
  66  6:46  Zergling x2  
  67  6:59  Zergling x4  
  67  7:00  Drone x2, Zergling x2  
  71  7:09  Drone x2  
  71  7:10  Hydralisk x2  
  72  7:22  Drone x4  
  76  7:23  Drone  
  77  7:35  Zerg Ground Armor Level 1, Spore Crawler  
  77  7:36  Drone  
  77  7:37  Drone, Spore Crawler  
  78  7:38  Hatchery, Lurker Den  
  75  7:46  Spore Crawler  
  75  7:47  Hatchery  
  75  7:48  Extractor  
  75  7:49  Extractor  
  71  7:57  Spore Crawler  
  70  7:59  Spore Crawler  
  70  8:01  Zerg Missile Weapons Level 2  
  70  8:02  Hydralisk x3  
  75  8:06  Drone x3  
  75  8:12  Overseer  
  78  8:16  Hydralisk  
  80  8:20  Drone x2  
  80  8:23  Spore Crawler  
  80  8:27  Spore Crawler  
  80  8:28  Hydralisk  
  80  8:31  Overlord x6  
  82  8:36  Spore Crawler  
  82  8:38  Spore Crawler  
  82  8:40  Drone x2  
  82  8:50  Muscular Augments  
  82  8:53  Drone x3  
  82  8:54  Drone x2  
  87  9:01  Hydralisk x2  
  91  9:13  Drone, Spore Crawler  
  91  9:14  Drone  
  91  9:15  Drone x3  
  91  9:16  Hydralisk x3, Spore Crawler  
  100  9:19  Drone x3  
  100  9:20  Drone  
  99  9:39  Hydralisk x4  
  95  9:47  Hydralisk  
  95  9:49  Overlord  
  95  9:50  Drone x3, Overlord x3  
  100  9:57  Drone x4  
  100  9:58  Drone  
  100  9:59  Spore Crawler  
  104  10:01  Hydralisk, Spore Crawler  
  104  10:02  Grooved Spines  
  101  10:18  Hydralisk x4  
  101  10:19  Hydralisk  
  111  10:22  Spine Crawler  
  111  10:25  Drone x6, Spine Crawler  
  115  10:30  Spine Crawler  
  115  10:34  Hydralisk x2  
  115  10:35  Hydralisk  
  108  10:52  Drone x3  
  108  10:53  Swarm Host  
  112  11:01  Drone x2  
  110  11:10  Lurker x7  
  113  11:13  Drone  
  114  11:22  Hydralisk x4  
  114  11:24  Zergling x6  
  114  11:25  Hatchery  
  120  11:30  Hydralisk  
  122  11:44  Spine Crawler  
  122  11:45  Spine Crawler  
  120  11:47  Hydralisk  
  120  11:48  Hydralisk x4  
  130  11:56  Zerg Ground Armor Level 2  
  127  12:31  Hydralisk x4  
  127  12:34  Hive  
  127  12:35  Zerg Melee Weapons Level 1  
  135  12:47  Hydralisk  
  135  12:48  Hydralisk x5  
  135  12:49  Zergling x4  
  135  12:50  Drone x2  
  150  13:05  Hydralisk x3  
  129  13:06  Hydralisk  
  129  13:07  Drone  
  119  13:16  Hydralisk x3  
  110  13:20  Spore Crawler x2  
  110  13:22  Drone x2  
  110  13:23  Spine Crawler x2, Hydralisk x2  
  110  13:24  Spore Crawler  
  110  13:25  Lurker  
  110  13:26  Lurker x2  
  111  13:35  Infestor  
  113  13:41  Drone x2  
  113  13:46  Extractor  
  113  13:47  Extractor  
  113  13:53  Queen  
  113  13:54  Drone  
  116  13:59  Lurker  
  116  14:00  Hydralisk x2, Lurker x2  
  116  14:02  Zergling x4  
  125  14:03  Zergling x10  
  125  14:04  Drone  
  131  14:11  Hatchery  
  111  14:36  Drone x3  
  107  14:48  Lurker x5  
  107  14:50  Infestor  
  107  14:51  Hydralisk x3  
  107  14:52  Overlord x2  
  120  14:53  Overlord x3  
  120  14:54  Drone  
  120  14:59  Drone  
  122  15:17  Drone  
  122  15:21  Drone  
  124  15:27  Hydralisk x3  
  124  15:28  Hydralisk x6  
  132  15:31  Lurker x2  
  144  15:38  Drone x3  
Show
View Real Time Build Order
Export as new Build Order

Massa Terran - Winner!

Build Orders: Hellion Opening 

Get SALT Encoding   

  12  0:00  SCV  
  13  0:12  SCV  
  14  0:18  Supply Depot  
  14  0:24  SCV  
  15  0:39  SCV  
  15  0:41  Barracks  
  16  0:45  Refinery  
  16  0:52  SCV  
  17  1:04  SCV  
  18  1:05  Refinery  
  18  1:16  SCV  
  19  1:29  Orbital Command  
  19  1:32  Barracks Tech Lab  
  19  1:41  Factory  
  19  1:49  Barracks Reactor  
  19  1:55  SCV  
  20  2:02  Supply Depot  
  20  2:07  SCV  
  21  2:19  SCV  
  22  2:29  Command Center  
  22  2:32  Barracks Tech Lab  
  22  2:34  SCV  
  22  2:36  Hellion  
  25  2:40  Supply Depot  
  25  2:43  Hellion  
  27  2:50  Reaper  
  28  2:57  Hellion  
  30  3:02  SCV  
  30  3:04  Hellion  
  33  3:12  Stimpack  
  33  3:19  Hellion  
  35  3:22  Marine  
  36  3:32  Hellion  
  38  3:40  Marine  
  38  3:41  Hellion  
  41  3:48  SCV, Supply Depot  
  41  3:49  Supply Depot x2  
  41  3:53  Hellion  
  44  4:28  Widow Mine x2, Marine  
  34  4:46  Marine  
  34  4:49  Widow Mine x2  
  39  5:13  Widow Mine x2  
  42  5:23  Orbital Command  
  42  5:24  SCV  
  43  5:29  Barracks x2  
  43  5:34  Widow Mine, Combat Shield  
  43  5:35  Widow Mine, Barracks  
  47  5:36  SCV, Supply Depot  
  46  5:48  SCV  
  47  5:50  Marauder  
  47  5:53  SCV  
  47  5:56  Widow Mine x2  
  54  6:00  SCV  
  55  6:06  SCV  
  56  6:12  SCV  
  56  6:17  Widow Mine x2, Armory  
  56  6:18  SCV  
  62  6:21  Engineering Bay  
  62  6:23  Barracks Tech Lab  
  62  6:24  Barracks Reactor x2  
  62  6:25  SCV  
  63  6:27  Supply Depot  
  63  6:30  SCV  
  64  6:37  SCV  
  64  6:39  Widow Mine x2  
  69  6:42  SCV  
  69  6:44  Concussive Shells  
  69  6:45  Marauder x2  
  68  7:06  Marine x2  
  70  7:16  Starport, SCV  
  70  7:17  SCV, Factory Tech Lab  
  70  7:18  Refinery  
  70  7:21  Refinery  
  72  7:29  SCV x2  
  74  7:31  Command Center  
  70  7:37  Marauder x2  
  70  7:38  Marine x4  
  78  7:55  Marine  
  78  7:56  Marine  
  78  7:57  Drilling Claws  
  83  7:58  Siege Tank  
  83  7:59  Marauder x2  
  87  8:07  SCV x2  
  89  8:18  Missile Turret  
  89  8:19  SCV x2  
  91  8:20  Marauder  
  91  8:22  Missile Turret  
  91  8:26  Missile Turret  
  93  8:34  Supply Depot x3  
  93  8:35  Supply Depot  
  93  8:37  Marine x2  
  93  8:39  Marine  
  94  8:42  Marine  
  94  8:43  Widow Mine, Marauder x2  
  100  8:55  Marine  
  99  8:57  Terran Infantry Weapons Level 1  
  93  9:14  Planetary Fortress  
  93  9:15  Smart Servos  
  90  9:23  Medivac x2  
  92  9:25  Marine x3  
  92  9:29  Widow Mine  
  97  9:46  SCV  
  97  9:47  SCV  
  97  9:51  Marine x5  
  104  9:53  Medivac x2  
  104  9:58  SCV  
  104  9:59  SCV  
  110  10:11  SCV  
  110  10:12  Factory  
  111  10:16  Factory  
  111  10:23  Medivac x2  
  115  10:40  Marine x4  
  115  10:42  SCV x3  
  122  10:48  Missile Turret  
  122  10:51  Marauder  
  122  10:54  SCV x3, Liberator x2  
  133  10:57  Widow Mine x2, Marine x2  
  133  10:58  Marine x2  
  141  11:29  Terran Infantry Weapons Level 2  
  141  11:30  Supply Depot  
  141  11:31  Supply Depot  
  141  11:32  Supply Depot  
  141  11:34  Supply Depot x2  
  141  11:52  Widow Mine, SCV, Marauder x3, Liberator  
  141  11:53  Widow Mine x2  
  157  11:54  Liberator, Marine x2, SCV  
  163  12:12  Marine x2  
  163  12:13  Marauder x2  
  112  12:26  Marauder  
  112  12:29  Marine  
  111  12:33  SCV x3  
  111  12:35  Marauder x2, Medivac  
  121  12:37  Medivac  
  121  12:41  Factory Tech Lab, Factory Reactor  
  121  12:43  Widow Mine x2  
  123  12:44  Terran Vehicle Weapons Level 1  
  123  12:45  SCV x2  
  123  12:48  Marauder, Engineering Bay  
  127  12:53  Command Center  
  127  12:54  SCV  
  127  12:56  Refinery  
  127  12:57  SCV x2  
  130  12:58  Refinery  
  130  13:04  Widow Mine x2  
  132  13:17  Missile Turret  
  132  13:19  Missile Turret  
  132  13:43  SCV x3  
  135  13:55  SCV x3  
  137  13:56  Marauder  
  137  13:57  Marauder x2, Marine  
  145  14:07  SCV x2  
  145  14:08  SCV  
  138  14:18  Marauder x3  
  138  14:19  SCV, Marine x2  
  138  14:21  Widow Mine, Siege Tank  
  138  14:22  Widow Mine x3  
  143  14:37  Marine x2  
  145  14:38  Medivac x2  
  145  14:39  Marauder x2, Marine  
  145  14:43  Widow Mine x2, Planetary Fortress  
  158  14:47  Missile Turret  
  158  14:48  SCV x3  
  158  14:52  Refinery  
  161  14:53  Refinery, Siege Tank  
  164  15:00  SCV x2  
  166  15:08  Medivac x2  
  170  15:22  Widow Mine x2  
  170  15:25  Siege Tank  
  170  15:26  Command Center  
  177  15:43  Widow Mine  
  177  15:44  Widow Mine  
Show
View Real Time Build Order
Export as new Build Order

Inquisitor Zerg 

Build Orders: Hatch First, Zergling Baneling 

Get SALT Encoding   

  12  0:01  Drone  
  13  0:12  Overlord  
  13  0:20  Drone  
  14  0:30  Drone  
  14  0:31  Drone  
  14  0:35  Drone  
  17  0:53  Hatchery  
  17  0:55  Drone  
  17  0:59  Drone  
  18  1:11  Extractor  
  17  1:16  Spawning Pool  
  17  1:17  Drone  
  17  1:21  Drone  
  18  1:28  Drone  
  19  1:39  Overlord  
  19  2:03  Drone  
  19  2:04  Drone  
  19  2:07  Zergling x2  
  19  2:08  Queen x2  
  22  2:11  Metabolic Boost  
  22  2:13  Zergling x2  
  27  2:23  Extractor  
  26  2:32  Drone, Baneling Nest  
  26  2:33  Drone x3  
  29  2:54  Drone x3  
  32  3:02  Lair  
  32  3:13  Zergling x8  
  34  3:34  Baneling x4  
  34  3:38  Drone  
  34  3:39  Drone  
  34  3:40  Overlord x2  
  36  3:47  Overlord  
  36  3:56  Extractor  
  36  3:58  Queen  
  36  4:07  Zergling x10  
  36  4:08  Zergling x6  
  41  4:20  Zergling x6  
  44  4:26  Baneling x4  
  44  4:27  Baneling x2  
  44  4:33  Queen  
  42  4:55  Queen  
  42  4:57  Centrifical Hooks  
  44  5:06  Drone x6  
  50  5:09  Evolution Chamber  
  50  5:14  Evolution Chamber  
  48  5:17  Baneling  
  40  5:35  Zergling x2  
  40  5:36  Zergling x8  
  40  5:38  Zerg Melee Weapons Level 1  
  45  5:52  Drone x4  
  49  6:08  Drone x4  
  49  6:09  Hatchery  
  52  6:14  Infestation Pit  
  52  6:15  Zerg Ground Armor Level 1  
  51  6:21  Zergling x10  
  51  6:22  Baneling  
  51  6:23  Baneling  
  56  6:25  Baneling  
  56  6:26  Baneling  
  50  7:11  Baneling  
  50  7:12  Baneling x3  
  50  7:17  Zergling x2  
  50  7:18  Zergling x16  
  57  7:25  Drone x2, Hive  
  57  7:26  Drone  
  60  7:30  Extractor  
  57  7:48  Overseer  
  57  7:51  Baneling x2  
  57  7:52  Baneling x6  
  57  7:53  Baneling  
  57  7:56  Overlord  
  57  7:57  Overlord x3  
  57  8:08  Zerg Melee Weapons Level 2  
  57  8:11  Overlord x3  
  55  8:41  Drone x8  
  56  8:47  Ultralisk Cavern  
  61  9:29  Hatchery, Extractor  
  59  9:35  Ultralisk x3  
  59  9:36  Ultralisk  
  83  9:51  Anabolic Synthesis  
  83  10:07  Extractor  
  83  10:08  Zerg Ground Armor Level 2  
  82  10:25  Drone x2  
  82  10:26  Drone x4  
  82  10:27  Drone  
  82  10:28  Drone x5  
  94  10:34  Chitinous Plating  
  87  11:07  Ultralisk x2  
  87  11:08  Zergling x2  
  87  11:09  Hatchery, Zergling x12  
  105  11:22  Zerg Melee Weapons Level 3  
  105  11:25  Overlord x3  
  105  11:39  Baneling x5  
  95  12:04  Ultralisk x3  
  71  12:36  Overseer x2  
  71  12:38  Zergling x12  
  79  12:44  Hatchery  
  58  13:11  Ultralisk  
  58  13:12  Ultralisk x3  
  70  13:24  Baneling x2  
  70  13:25  Baneling x3  
  70  13:27  Baneling  
  70  13:28  Baneling x3  
  70  13:50  Hatchery  
  70  13:52  Ultralisk  
  74  14:15  Zergling x2  
  74  14:16  Zergling x14  
  71  14:29  Ultralisk  
  65  14:36  Pneumatized Carapace  
  53  14:38  Zergling x2  
  53  14:39  Zergling x6  
  57  14:47  Baneling x4  
  57  14:48  Baneling  
  57  15:04  Baneling x3  
  57  15:05  Baneling x4  
  57  15:12  Drone  
  57  15:13  Drone x2  
  60  15:20  Extractor  
  54  15:58  Extractor  
  54  16:00  Hatchery  
  54  16:02  Extractor  
Show
View Real Time Build Order
Export as new Build Order

NickYU Zerg 

Build Orders: Hatch First 

Get SALT Encoding   

  12  0:01  Drone  
  13  0:14  Overlord  
  13  0:19  Drone  
  14  0:33  Drone x2  
  16  0:37  Drone  
  17  0:54  Hatchery  
  16  0:58  Drone  
  16  0:59  Drone  
  18  1:12  Extractor  
  18  1:15  Spawning Pool  
  16  1:19  Drone  
  16  1:21  Drone  
  18  1:33  Drone  
  19  1:41  Drone  
  20  1:52  Drone  
  21  2:09  Queen x2  
  21  2:10  Zergling x4  
  21  2:15  Metabolic Boost  
  27  2:24  Drone  
  28  2:43  Hatchery  
  27  2:46  Drone  
  27  2:47  Overlord  
  27  2:48  Overlord x2  
  28  3:03  Overlord  
  28  3:04  Overlord  
  28  3:06  Lair  
  28  3:14  Drone, Baneling Nest  
  28  3:26  Drone  
  29  3:38  Queen  
  31  3:50  Drone  
  31  3:51  Drone x8  
  38  4:22  Zergling x12  
  38  4:23  Zergling x8  
  36  5:01  Drone  
  36  5:02  Drone x5  
  42  5:08  Evolution Chamber  
  42  5:11  Evolution Chamber  
  42  5:13  Drone  
  37  5:14  Drone  
  36  5:44  Spire  
  36  5:45  Extractor  
  36  5:47  Extractor  
  33  5:56  Hatchery  
  32  5:57  Extractor  
  32  6:00  Drone x2  
  32  6:01  Drone  
  32  6:02  Drone  
  32  6:03  Drone x2  
  32  6:04  Drone x3  
  39  6:05  Drone  
  39  6:06  Drone x3  
  46  6:18  Baneling x2  
  46  6:21  Drone x3  
  47  6:26  Drone  
  47  6:27  Drone  
  47  6:32  Queen  
  49  6:33  Hatchery  
  50  6:55  Mutalisk x6  
  61  7:22  Mutalisk x2  
  63  7:23  Overlord  
  63  7:24  Overlord x4  
  65  7:32  Mutalisk  
  67  7:41  Mutalisk  
  67  7:42  Mutalisk  
  71  7:50  Mutalisk  
  73  7:57  Mutalisk  
  73  7:58  Mutalisk x3  
  75  8:05  Zerg Flyer Weapons Level 1  
  81  8:21  Mutalisk  
  81  8:22  Hatchery  
  82  8:29  Mutalisk  
  82  8:32  Drone  
  82  8:33  Drone x7  
  84  9:02  Mutalisk  
  82  9:03  Mutalisk x3  
  88  9:31  Mutalisk x3  
  88  9:33  Zergling x2  
  88  9:34  Zergling x10  
  90  9:51  Mutalisk  
  90  9:52  Mutalisk  
  92  9:55  Drone x6  
  100  10:04  Centrifical Hooks  
  100  10:10  Extractor  
  100  10:11  Extractor  
  97  10:26  Mutalisk x2  
  97  10:27  Mutalisk  
  103  10:31  Drone  
  84  10:51  Mutalisk x2  
  84  10:52  Zergling x2  
  84  10:53  Zergling x18  
  98  11:17  Mutalisk  
  98  11:18  Mutalisk x2  
  104  11:33  Hatchery  
  104  11:36  Baneling  
  104  11:37  Baneling x9  
  104  11:39  Zergling x20  
  112  11:41  Overlord x2  
  112  11:42  Overlord x8  
  94  12:42  Zergling x16  
  94  12:43  Zergling x28  
  88  13:21  Mutalisk  
  88  13:22  Mutalisk x8  
  106  13:37  Burrow  
  106  13:38  Mutalisk x3  
  106  13:41  Hatchery, Zergling x6  
  114  13:50  Extractor  
  114  13:51  Baneling x2  
  114  13:52  Baneling x4  
  114  13:53  Extractor  
  78  14:36  Mutalisk  
  78  14:37  Mutalisk x4  
  64  14:41  Zergling x2  
  64  14:42  Zergling x24  
  77  14:56  Drone  
  77  14:57  Drone x4  
  80  15:12  Drone  
  80  15:13  Drone x2  
  84  15:14  Drone x5  
  84  15:15  Drone x3  
  82  15:36  Overseer  
  82  15:37  Overseer  
  82  15:39  Mutalisk x6  
  94  15:44  Drone  
  94  15:45  Drone x2  
Tags
 
Add a new tag
Caveats
  • Supply blocks, unpowered buildings, or Contaminate may cause inaccurate times.
  • Supply counts are checked every 10 seconds.